 Dungeon Crawl Stone Soup version 0.21.1-1-g345015f (webtiles) character file.

11079 shakethe the Severer (level 11, 0/95 HPs)
             Began as a Hill Orc Abyssal Knight on Feb 5, 2018.
             Was an Elder of Lugonu.
             Slain by a porcupine (6 damage)
             ... on level 1 of the Lair of Beasts.
             The game lasted 00:36:14 (13186 turns).

shakethe the Severer (Hill Orc Abyssal Knight)     Turns: 13186, Time: 00:36:14

Health: 0/95       AC: 14    Str: 27    XL:     11   Next: 72%
Magic:  26/28      EV:  7    Int: 12    God:    Lugonu [****..]
Gold:   609        SH:  0    Dex: 10    Spells: 8/10 levels left

rFire    + + .     SeeInvis +   u - +2 war axe "Arulu" {freeze, *Corrode MR++ MP+9 Str+2}
rCold    x . .     Gourm    .   (no shield)
rNeg     . . .     Faith    .   g - +0 plate armour
rPois    .         Spirit   .   (no helmet)
rElec    .         Reflect  .   (no cloak)
rCorr    .         Harm     .   h - +0 pair of gloves
MR       +++..                  (no boots)
Stlth    ..........             (no amulet)
HPRegen  0.25/turn              J - ring "Dogyhot" {rF+ Str+2 SInv}
MPRegen  0.21/turn              L - ring "Wehabobu" {Fire MR+ Str+4}

@: about to teleport
A: no striking features
a: Depart the Abyss, Bend Space, Banish, Corrupt, Renounce Religion


You were on level 1 of the Lair of Beasts.
You worshipped Lugonu.
Lugonu was greatly pleased with you.
You were near starving.

You visited 3 branches of the dungeon, and saw 12 of its levels.
You visited the Abyss 1 time.

You collected 609 gold pieces.

Inventory:

Hand Weapons
 a - a +1 hand axe
 s - a +0 quarterstaff of protection
 u - the +2 war axe "Arulu" (weapon) {freeze, *Corrode MR++ MP+9 Str+2}
   (You found it on level 4 of the Dungeon)

   It has been specially enchanted to freeze those struck by it, causing extra
   injury to most foes and up to half again as much damage against particularly
   susceptible opponents.
   It can also slow down cold-blooded creatures.
   It affects your strength (+2).
   It affects your resistance to hostile enchantments.
   It affects your magic capacity (+9).
   It may corrode you when you take damage.
 G - the +0 dagger of the Slime-mould {venom, *Rage rElec rC+ Str+3}
   (You found it on level 7 of the Dungeon)

   It poisons the flesh of those it strikes.
   It affects your strength (+3).
   It protects you from cold.
   It insulates you from electricity.
   It may make you go berserk in combat.
 I - a +0 trident of distortion
Armour
 b - a +0 leather armour
 g - a +0 plate armour (worn)
 h - a +0 pair of gloves (worn)
 M - a +0 scale mail of positive energy
Jewellery
 J - the ring "Dogyhot" (left hand) {rF+ Str+2 SInv}
   (You took it off a crimson imp on level 8 of the Dungeon)

   [ring of see invisible]

   It affects your strength (+2).
   It protects you from fire.
   It lets you see invisible.
 K - the ring "Qoiprinuimp" {-Tele +Fly rElec rPois}
   (You took it off a big kobold on level 8 of the Dungeon)

   [ring of flight]

   It insulates you from electricity.
   It protects you from poison.
   It lets you fly.
   It prevents most forms of teleportation.
 L - the ring "Wehabobu" (right hand) {Fire MR+ Str+4}
   (You took it off a big kobold on level 8 of the Dungeon)

   [ring of fire]

   It enhances your fire magic.
   It affects your strength (+4).
   It protects you from fire.
   It makes you vulnerable to cold.
   It affects your resistance to hostile enchantments.
Wands
 n - a wand of flame (12)
 v - a wand of paralysis (18)
 y - a wand of digging (18)
 F - a wand of enslavement (12)
Scrolls
 e - 7 scrolls of remove curse
 f - 2 scrolls of random uselessness {unknown}
 i - 8 scrolls of identify
 k - 3 scrolls of enchant weapon {unknown}
 l - 3 scrolls of enchant armour {unknown}
 o - 9 scrolls of teleportation
 q - 2 scrolls of amnesia {unknown}
 r - 3 scrolls of blinking {unknown}
 C - a scroll of holy word {unknown}
 D - 2 scrolls of fog {unknown}
 E - a scroll of fear {unknown}
Potions
 j - 2 potions of flight
 m - a potion of curing
 w - a potion of cancellation {unknown}
 x - a potion of might {unknown}
 A - a potion of invisibility {unknown}
 H - a potion of brilliance {unknown}
Books
 p - a book of Maledictions

   Spells                             Type                      Level
   a - Corona                         Hexes                        1
   b - Ensorcelled Hibernation        Hexes/Ice                    2
   c - Confuse                        Hexes                        3
   d - Tukima's Dance                 Hexes                        3
   e - Dazzling Spray                 Conjuration/Hexes            3
 t - a book of Minor Magic

   Spells                             Type                      Level
   a - Magic Dart                     Conjuration                  1
   b - Blink                          Translocation                2
   c - Call Imp                       Summoning                    2
   d - Slow                           Hexes                        2
   e - Conjure Flame                  Conjuration/Fire             3
   f - Mephitic Cloud                 Conjuration/Poison/Air       3
 z - a book of Conjurations

   Spells                             Type                      Level
   a - Magic Dart                     Conjuration                  1
   b - Searing Ray                    Conjuration                  2
   c - Dazzling Spray                 Conjuration/Hexes            3
   d - Fulminant Prism                Conjuration/Hexes            4
   e - Force Lance                    Conjuration/Translocation    4
   f - Iskenderun's Mystic Blast      Conjuration                  4
 B - a book of Misfortune

   Spells                             Type                      Level
   a - Confusing Touch                Hexes                        1
   b - Confuse                        Hexes                        3
   c - Gell's Gravitas                Translocation                3
   d - Petrify                        Transmutation/Earth          4
   e - Metabolic Englaciation         Hexes/Ice                    5
   f - Yara's Violent Unravelling     Hexes/Transmutation          5
Comestibles
 c - 11 rations


   Skills:
 - Level 8.7 Fighting
 * Level 15.9 Axes
 - Level 7.3 Armour
 - Level 0.7 Dodging
 * Level 11.1 Invocations
 - Level 3.1 Evocations


You had 8 spell levels left.
You knew the following spells:

 Your Spells              Type           Power        Failure   Level  Hunger
a - Blink                 Tloc           N/A          99%         2    ###....


Dungeon Overview and Level Annotations

Branches:
Dungeon (10/15)            Temple (1/1) D:6            Lair (1/6) D:8
    Orc: D:9-12

Altars:
Dithmenos
Elyvilon
Hepliaklqana
Kikubaaqudgha
Okawaru
Sif Muna
Uskayaw
Vehumet
Yredelemnul
Zin

Shops:
D:4 }   D:7 %


Message History

The wolf is no longer charmed.
The wolf resists with significant effort.
The wolf bites you but does no damage. The wolf bites you!
* * * LOW HITPOINT WARNING * * *
The wolf bites you but does no damage.
Okay, then.
Evoke which item? (* to show all) (? for menu, Esc to quit)
Aiming: Paralyse
Press: ? - help, Shift-Dir - straight line, f/p - porcupine
Aim: a porcupine (chance to defeat MR: 55%)
The wolf suddenly stops moving!
As you read the scroll of teleportation, it crumbles to dust.
You feel strangely unstable.
Unknown command.
Unknown command.
Unknown command.
Your surroundings seem slightly different.
As you read the scroll of teleportation, it crumbles to dust.
You feel strangely unstable. The porcupine bites you.
You die...

...hP ....
##... #...
#..# ##..#
#...# ##.)##
#..@.#
##.rh##
#P..r.## ..
#......##
#...
##..##...##
#...# ......#
##h#####...##
#...# ......#
#.##
##...###....#
......# #####
##.......#
......###.#
##.....##


You could see 2 wolves and 2 porcupines.

Vanquished Creatures
  Erica (Lair:1)
  An unseen horror (D:10)
  Pikel (D:4)
  The ghost of zhorgal the Covert, a novice NaWn of Cheibriados (D:6)
  2 gargoyles (D:8)
  2 trolls
  2 hippogriffs (D:10)
  9 yaks (D:10)
  A wyvern (D:9)
  A hungry ghost (D:8)
  3 orc warriors
  2 black bears (D:6)
  4 phantoms
  5 ice beasts
  3 sky beasts
  2 slaves (D:4)
  4 ogres
  3 centaurs
  A wolf (Lair:1)
  The ghost of Monsterracer the Insei, an amateur OpAM (D:3)
  2 big kobolds (D:8)
  7 bullfrogs
  2 gnoll sergeants
  3 scorpions
  A killer bee (D:8)
  4 wights (D:7)
  4 howler monkeys
  7 crimson imps
  A bullfrog zombie (D:6)
  2 quasits
  A centaur skeleton (D:8)
  2 centaur zombies
  7 hounds
  2 gnoll shamans
  4 jellies
  2 bullfrog skeletons
  3 orc priests
  9 orc wizards
  2 iguanas (D:6)
  8 worker ants
  A hound zombie (D:7)
  A worker ant zombie (D:2)
  22 gnolls
  3 river rats (D:5)
  10 adders
  2 howler monkey skeletons
  An adder zombie (D:5)
  An adder skeleton (D:8)
  3 worms
  2 dart slugs
  4 leopard geckos
  32 orcs
  6 bats
  6 giant cockroaches
  5 hobgoblins
  10 jackals
  5 quokkas
  A ball python (D:4)
  7 frilled lizards
  A giant cockroach zombie (D:5)
  3 goblins
  7 kobolds
  3 leopard gecko skeletons
  3 quokka skeletons
  A quokka zombie (D:6)
  4 rats
  A fungus (D:1)
  4 plants (D:5)
271 creatures vanquished.

Vanquished Creatures (others)
  2 two-headed ogres (D:9)
  A gargoyle (D:10)
  A vampire (D:9)
  A slave (D:5)
  An orc warrior (D:8)
  2 gnolls (D:5)
  An orc (D:5)
  A quokka (D:10)
  4 plants (D:5)
14 creatures vanquished.

Grand Total: 285 creatures vanquished

Notes
Turn   | Place    | Note
-------+----------+-------------------------------------------
     0 | Abyss:1  | shakethe the Hill Orc Abyssal Knight began the quest for the Orb.
     0 | Abyss:1  | Reached XP level 1. HP: 19/19 MP: 2/2
     6 | Abyss:1  | Found a corrupted altar of Lugonu.
    61 | Abyss:1  | Noticed a vampire
    66 | D:1      | Escaped the Abyss
   724 | D:1      | Reached skill level 3 in Axes
   774 | D:1      | Reached XP level 2. HP: 25/27 MP: 3/3
   786 | D:1      | Found an iron altar of Okawaru.
  1006 | D:1      | Reached * piety under Lugonu
  1375 | D:2      | Reached XP level 3. HP: 33/34 MP: 4/4
  1679 | D:2      | Reached skill level 4 in Axes
  1722 | D:2      | Reached XP level 4. HP: 29/41 MP: 5/5
  2374 | D:3      | Noticed Monsterracer's ghost (amateur OpAM)
  2432 | D:2      | HP: 2/41 [worker ant zombie (3)]
  2928 | D:2      | Reached XP level 5. HP: 43/47 MP: 6/6
  3151 | D:2      | Reached skill level 5 in Axes
  4363 | D:3      | Killed Monsterracer's ghost
  4363 | D:3      | Reached skill level 5 in Fighting
  4670 | D:4      | Reached XP level 6. HP: 52/56 MP: 7/7
  4710 | D:4      | Reached skill level 6 in Axes
  4840 | D:4      | Got a warped war axe
  4841 | D:4      | Identified the +2 war axe "Arulu" {freeze, *Corrode MR++ MP+9 Str+2} (You found it on level 4 of the Dungeon)
  4897 | D:4      | Learned a level 2 spell: Blink
  5001 | D:4      | Reached ** piety under Lugonu
  5248 | D:4      | Found Qyuzunt's Gadget Emporium.
  5351 | D:4      | Reached XP level 7. HP: 62/62 MP: 8/8
  5567 | D:5      | Entered Level 5 of the Dungeon
  5571 | D:5      | Noticed Pikel
  5578 | D:5      | Reached skill level 7 in Axes
  5703 | D:4      | Killed Pikel
  5703 | D:4      | Reached skill level 8 in Axes
  5703 | D:4      | Reached skill level 5 in Armour
  5703 | D:4      | Reached XP level 8. HP: 40/71 MP: 9/9
  5875 | D:5      | Reached skill level 9 in Axes
  6223 | D:5      | Found an ancient bone altar of Kikubaaqudgha.
  6267 | D:5      | Found a hazy altar of Hepliaklqana.
  6330 | D:5      | Reached skill level 10 in Axes
  6735 | D:5      | Reached XP level 9. HP: 74/80 MP: 10/10
  6943 | D:5      | Reached *** piety under Lugonu
  6945 | D:5      | Reached skill level 11 in Axes
  7610 | D:6      | Noticed zhorgal's ghost (novice NaWn)
  7634 | D:6      | Killed zhorgal's ghost
  7670 | D:6      | Reached skill level 12 in Axes
  7712 | D:6      | Found a glowing silver altar of Zin.
  7737 | D:6      | Reached skill level 1 in Evocations
  7741 | D:6      | Found a staircase to the Ecumenical Temple.
  8258 | D:6      | Found a deep blue altar of Sif Muna.
  8353 | D:6      | Reached XP level 10. HP: 84/90 MP: 12/12
  8599 | Temple   | Entered the Ecumenical Temple
  8699 | D:7      | Reached **** piety under Lugonu
  8738 | D:7      | Found Micet's Food Boutique.
  8832 | D:7      | Found a hide-covered altar of Uskayaw.
  8951 | D:7      | Reached skill level 13 in Axes
  9351 | D:7      | Got a transparent dagger
  9457 | D:8      | Found a staircase to the Lair.
  9486 | D:8      | Reached skill level 5 in Invocations
  9996 | D:8      | Noticed a gargoyle
 10006 | D:8      | Killed a gargoyle
 10026 | D:8      | Noticed a gargoyle
 10260 | D:8      | Killed a gargoyle
 10260 | D:8      | Reached skill level 14 in Axes
 10503 | D:8      | Got a heavily runed jade ring
 10519 | D:8      | Got a wavering ivory ring
 10616 | D:8      | Got a transparent tin ring
 10929 | D:8      | Identified the ring "Dogyhot" {rF+ Str+2 SInv} (You took it off a crimson imp on level 8 of the Dungeon)
 10930 | D:8      | Identified the ring "Qoiprinuimp" {-Tele +Fly rElec rPois} (You took it off a big kobold on level 8 of the Dungeon)
 10932 | D:8      | Identified the ring "Wehabobu" {Fire MR+ Str+4} (You took it off a big kobold on level 8 of the Dungeon)
 10951 | D:8      | Identified the +0 dagger of the Slime-mould {venom, *Rage rElec rC+ Str+3} (You found it on level 7 of the Dungeon)
 11058 | D:9      | Noticed a two-headed ogre
 11060 | D:9      | Banished a two-headed ogre
 11065 | D:9      | Found a radiant altar of Vehumet.
 11095 | D:9      | Reached XP level 11. HP: 95/95 MP: 17/17
 11174 | D:9      | Found a basalt altar of Yredelemnul.
 11187 | D:9      | Found a shadowy altar of Dithmenos.
 11249 | D:9      | Noticed a two-headed ogre
 11253 | D:9      | Banished a two-headed ogre
 11806 | D:10     | Entered Level 10 of the Dungeon
 11838 | D:10     | Reached skill level 15 in Axes
 12269 | D:10     | Found a white marble altar of Elyvilon.
 12308 | D:10     | Reached skill level 10 in Invocations
 12911 | D:10     | Noticed an unseen horror
 12914 | D:10     | Killed an unseen horror
 13003 | D:10     | Lair
 13097 | Lair:1   | Entered Level 1 of the Lair of Beasts
 13150 | Lair:1   | Noticed Erica
 13172 | Lair:1   | Killed Erica
 13174 | Lair:1   | HP: 3/95 [wolf (2)]
 13186 | Lair:1   | Slain by a porcupine

Skill      XL: |  1  2  3  4  5  6  7  8  9 10 11 |
---------------+----------------------------------+-----
Axes           | 3 4 5 6 8 10 12 14 15 | 15.9
Fighting       | 4 5 6 7 8 |  8.7
Armour         | 3 4 5 6 7 |  7.3
Evocations     | 2 3 |  3.1
Invocations    | 8 11 | 11.1
Dodging        | |  0.7

Action                   |  1- 3 |  4- 6 |  7- 9 | 10-12 || total
-------------------------+-------+-------+-------+-------++-------
Melee: Hand axe          |   113 |   174 |       |       ||   287
       War axe           |       |    22 |   312 |   406 ||   740
Invok: Depart the Abyss  |     1 |       |       |       ||     1
       Bend Space        |       |       |     3 |     6 ||     9
       Banish            |       |       |       |     7 ||     7
Evoke: Wand              |       |       |       |     3 ||     3
  Use: Potion            |       |     4 |       |     4 ||     8
       Scroll            |       |       |       |     8 ||     8
  Eat: Chunk             |     2 |     8 |     7 |    13 ||    30
       Ration            |       |     1 |     1 |     2 ||     4
Armor: Leather armour    |    40 |    14 |       |       ||    54
       Skin              |       |    19 |       |       ||    19
       Plate armour      |       |    74 |   228 |   257 ||   559
Dodge: Dodged            |    72 |    80 |    87 |   118 ||   357
